 Dungeon Crawl Stone Soup version 0.30-a0-4-ga7cffc901d (webtiles) character file.

Game seed: 3151202674198206361

25 SensoryNuts the Trooper (level 2, -1/24 HPs)
             Began as a Demonspawn Fighter on Aug 21, 2022.
             Slain by Natasha (4 damage)
             ... on level 2 of the Dungeon.
             The game lasted 00:01:35 (1262 turns).

SensoryNuts the Trooper (Demonspawn Fighter)        Turns: 1262, Time: 00:01:36

Health: -1/24      AC:  7    Str: 16    XL:     2   Next: 86%
Magic:  2/2        EV:  8    Int:  9    God:
Gold:   62         SH:  4    Dex: 12    Spells: 1/1 levels left

rFire   . . .      SeeInvis .    a - +0 war axe
rCold   . . .      Faith    .    c - +0 buckler
rNeg    . . .      Spirit   .    b - +0 scale mail
rPois   .          Reflect  .    (no helmet)
rElec   .          Harm     .    (no cloak)
rCorr   .          Rampage  .    i - +0 pair of gloves
Will    .....                    (no boots)
Stlth   ..........               (no amulet)
HPRegen 0.08/turn                (no ring)
MPRegen 0.08/turn                (no ring)

@: mighty
A: spiny 1
a: no special abilities


You were on level 2 of the Dungeon.
You visited 1 branch of the dungeon, and saw 2 of its levels.

You collected 62 gold pieces.

Inventory:

Hand Weapons
 a - a +0 war axe (weapon)
Armour
 b - a +0 scale mail (worn)
 c - a +0 buckler (worn)
 i - a +0 pair of gloves (worn)
Scrolls
 e - 4 scrolls of identify {unknown}
 g - a scroll of vulnerability {unknown}
 h - a scroll of fear {unknown}
 l - a scroll of enchant armour {unknown}
 m - a scroll of poison {unknown}
Potions
 f - 2 potions of resistance {unknown}
 j - a potion of lignification {unknown}
 k - a potion of cancellation {unknown}


   Skills:
 + Level 3.5 Fighting
 + Level 1.9 Axes
 + Level 3.0 Armour
 + Level 2.9 Shields


You had one spell level left.
You didn't know any spells.
Your spell library contained the following spells:

 Spells                   Type           Power      Damage    Failure   Level
 Conjure Flame            Conj/Fire      0%         6-21      99%         3
 Ignite Poison            Fire/Tmut/Pois 0%         N/A       99%         3
 Sticky Flame             Conj/Fire      0%         2d3       100%        4


Dungeon Overview and Level Annotations

Branches:
Dungeon (2/15)

Altars:

Annotations:
D:2 Natasha


Innate Abilities, Weirdness & Mutations

You are partially covered in sharp spines.


Message History

You see here 4 stones.
Found a stone staircase leading down.
Key pressed, stopping explore.
No target in view!
Found a stone staircase leading down.
A frilled lizard comes into view.
The frilled lizard hisses angrily.
A frilled lizard is nearby!
A frilled lizard is nearby!
You closely miss the frilled lizard.
The frilled lizard is struck by your spines.
You kill the frilled lizard!
No target in view!
No target in view!
No target in view!
No target in view!
No target in view!
No target in view!
No target in view!
No target in view!
Natasha, Servant of Life and Death comes into view.
Found a pair of boots.
Natasha hisses angrily.
Natasha is nearby!
Natasha is nearby!
Natasha claws you but does no damage.
You barely miss Natasha. You block Natasha's attack.
Natasha stares at you and mumbles some strange words.
The magic dart hits you.
You closely miss Natasha. Natasha claws you but does no damage.
You barely miss Natasha. Natasha claws you. Natasha is struck by your spines.
Natasha claws you.
You are too injured to fight recklessly!
You feel very mighty all of a sudden. Natasha is struck by your spines.
Natasha claws you.
* * * LOW HITPOINT WARNING * * *
You miss Natasha.
Natasha is moderately wounded.
Natasha claws you.
You die...

..######..#..#.##.......#
.......#.....#.##.......#
........................#
.......###.#.##.#.......#
....###.....>...........#
..#.# .......#.#.......#
..#.# .##.##.#.#########
..#.# .##......#### ..#.#
.##......@h[# ..(.#
.......##.#.# .####
#####. #.# # ## .. #.. ##
## ###. .###### . ......#
# .####.# .# #.#


You could see Natasha.

Vanquished Creatures
  A dart slug (D:1)
  5 bats
  4 endoplasms (D:1)
  A giant cockroach (D:1)
  2 goblins
  2 hobgoblins (D:1)
  3 frilled lizards
  A kobold (D:1)
  4 rats
23 creatures vanquished.

Notes
Turn   | Place    | Note
-------+----------+-------------------------------------------
     0 | D:1      | SensoryNuts the Demonspawn Fighter began the quest for the
                  | Orb.
     0 | D:1      | Reached XP level 1. HP: 18/18 MP: 1/1
   468 | D:1      | Found a faded altar of an unknown god.
   470 | D:1      | Gained mutation: You are partially covered in sharp spines.
                  | [demonic ancestry]
   470 | D:1      | Reached XP level 2. HP: 20/24 MP: 2/2
  1256 | D:2      | Noticed Natasha
  1262 | D:2      | Slain by Natasha

Illustrated notes

Levels and vault maps discovered:
D:1:      amcnicky_arrival_abandoned_market, layout_rooms,
          ebering_ecumenical_altar_sacrificial, st_stairs_7
D:2:      layout_loops_cross, nrook_uturn, corexii_hall_statues_s, uniq_natasha

Skill      XL: |  1  2 |
---------------+-------+-----
Armour         | 3 |  3.0
Fighting       | |  3.5
Axes           | |  1.9
Shields        | |  2.9

Action                   || total
-------------------------++-------
Melee: War axe           ||    37
  Use: Potion            ||     2
Armor: Scale mail        ||    17
Dodge: Dodged            ||    14
Block: Buckler           ||    10

Table legend: (Time is in decaauts)
 A = Elapsed time spent in this place.
 B = Non-inter-level travel time spent in this place.
 C = Inter-level travel time spent in this place.
 D = Time resting spent in this place.
 E = Time spent auto-exploring this place.
 F = Levels seen in this place.
 G = Mean time per level.
                   A        B        C        D        E       F      G
               +--------+--------+--------+--------+--------+-----+--------+
         Total |   1278 |   1139 |    139 |      0 |   1004 |   2 |  639.0 |
       Dungeon |   1278 |   1139 |    139 |      0 |   1004 |   2 |  639.0 |
               +--------+--------+--------+--------+--------+-----+--------+

Top non-repeatable levels by time:
     D:1: 1119 daAuts
     D:2: 158 daAuts
